 Dungeon Crawl Stone Soup version 0.21-a0-525-ga34b322 (webtiles) character file.

18 Amnesiac the Vexing (level 2, 0/21 HPs)
             Began as a Mummy Arcane Marksman on Dec 7, 2017.
             Slain by a leopard gecko (1 damage)
             ... on level 1 of the Dungeon.
             The game lasted 00:01:56 (532 turns).

Amnesiac the Vexing (Mummy Arcane Marksman)          Turns: 532, Time: 00:01:56

Health: 0/21       AC:  3    Str: 13    XL:     2   Next: 51%
Magic:  4/4        EV: 11    Int: 12    God:
Gold:   22         SH:  0    Dex: 12    Spells: 3/4 levels left

rFire    x . .     SeeInvis .   b - -2 dagger (curse)
rCold    + . .     Gourm    .   (no shield)
rNeg     + + +     Faith    .   h - +0 leather armour
rPois    ∞         Spirit   .   (no helmet)
rElec    .         Reflect  .   (no cloak)
rCorr    .         Harm     .   (no gloves)
MR       .....                  (no boots)
Stlth    +.........             (no amulet)
HPRegen  0.07/turn              (no ring)
MPRegen  0.09/turn              (no ring)

@: no status effects
A: no food or potions, fire vulnerability, cold resistance 1, negative energy
resistance 3, torment resistance, unbreathing
a: no special abilities


You were on level 1 of the Dungeon.
You were not hungry.

You visited 1 branch of the dungeon, and saw 1 of its levels.

You collected 22 gold pieces.

Inventory:

Hand Weapons
 a - a +0 shortbow
 b - a cursed -2 dagger (weapon)
Missiles
 d - 14 arrows
Armour
 h - a +0 leather armour (worn)
Scrolls
 f - 2 scrolls of identify {!r}
 g - a scroll of enchant armour {!r}
Books
 c - a book of Debilitation

   Spells                             Type                      Level
   a - Corona                         Hexes                        1
   b - Slow                           Hexes                        2
   c - Inner Flame                    Hexes/Fire                   3
   d - Portal Projectile              Hexes/Translocation          3
   e - Cause Fear                     Hexes                        4
   f - Leda's Liquefaction            Hexes/Earth                  4


   Skills:
 + Level 1.2 Fighting
 * Level 2.0 Bows
 + Level 0.4 Armour
 - Level 1.5 Dodging
 + Level 1.8 Spellcasting
 + Level 2.8 Hexes


You had 3 spell levels left.
You knew the following spells:

 Your Spells              Type           Power        Failure   Level  Hunger
a - Corona                Hex            #......      11%         1    N/A

Dungeon Overview and Level Annotations

Branches:
Dungeon (1/15)

Altars:


Innate Abilities, Weirdness & Mutations

You do not eat or drink.
Your flesh is vulnerable to fire.
You are immune to poison.
Your flesh is cold resistant. (rC+)
You are immune to negative energy. (rN+++)
You are immune to unholy pain and torment.
You can survive without breathing.


Message History

You barely miss the hobgoblin.
The hobgoblin is heavily wounded.
The hobgoblin hits you.
* * * LOW HITPOINT WARNING * * *
You barely miss the hobgoblin.
The hobgoblin is heavily wounded.
The hobgoblin hits you but does no damage.
You hit the hobgoblin but do no damage.
The hobgoblin is heavily wounded.
The hobgoblin hits you.
* * * LOW HITPOINT WARNING * * *
You closely miss the hobgoblin.
The hobgoblin is heavily wounded.
The hobgoblin closely misses you.
You hit the hobgoblin but do no damage.
The hobgoblin is heavily wounded.
The hobgoblin barely misses you.
You completely miss the hobgoblin.
The hobgoblin is heavily wounded.
The hobgoblin barely misses you.
A leopard gecko comes into view.
The leopard gecko hisses angrily.
You hit the hobgoblin but do no damage.
The hobgoblin is heavily wounded.
The hobgoblin barely misses you.
You closely miss the hobgoblin.
The hobgoblin is heavily wounded.
The hobgoblin barely misses you.
You hit the hobgoblin but do no damage.
The hobgoblin is heavily wounded.
The hobgoblin hits you.
* * * LOW HITPOINT WARNING * * *
You hit the hobgoblin but do no damage.
The hobgoblin is heavily wounded.
The hobgoblin hits you.
* * * LOW HITPOINT WARNING * * *
The leopard gecko closely misses you.
The leopard gecko bites you but does no damage.
You can't drink.
Okay, then.
You hit the leopard gecko but do no damage.
The leopard gecko bites you.
* * * LOW HITPOINT WARNING * * *
You are too injured to fight recklessly!
You hit the leopard gecko but do no damage.
The leopard gecko closely misses you.
You are too injured to fight recklessly!
You barely miss the leopard gecko. The leopard gecko closely misses you.
You are too injured to fight recklessly!
You hit the leopard gecko but do no damage.
The leopard gecko closely misses you. x2
You are too injured to fight recklessly!
You are too injured to fight recklessly!
You closely miss the leopard gecko. The leopard gecko barely misses you.
You are too injured to fight recklessly!
You barely miss the leopard gecko. The leopard gecko bites you.
* * * LOW HITPOINT WARNING * * *
You are too injured to fight recklessly!
You closely miss the leopard gecko.
The leopard gecko bites you but does no damage.
You are too injured to fight recklessly!
You hit the leopard gecko but do no damage.
The leopard gecko bites you.
You die...

..#...#..........)####.........#
..#....#........######.........#
..#.............# #...........#
...###..........####)######.####
.......#.........##..# #.##
...............#.#..## #..#
...#...........#...## ##.#
.......#.#.....##..#### #.#
...#...#...#..gl@.....## #.##
.........###..†###.....# #..#
.................####..######.#
...#..........................#
...#......................#####
.. #...##.................#
.......##....>....#....####
....#..##.........###..#
#.....>##.........###.##


You could see a leopard gecko and a hobgoblin.

Vanquished Creatures
  A dart slug (D:1)
  A leopard gecko (D:1)
  2 bats (D:1)
  2 goblins (D:1)
  2 hobgoblins (D:1)
  2 frilled lizards (D:1)
  A kobold (D:1)
  5 rats (D:1)
16 creatures vanquished.

Notes
Turn   | Place    | Note
-------+----------+-------------------------------------------
     0 | D:1      | Amnesiac the Mummy Arcane Marksman began the quest for the Orb.
     0 | D:1      | Reached XP level 1. HP: 15/15 MP: 2/2
   176 | D:1      | Reached XP level 2. HP: 6/21 MP: 4/4
   530 | D:1      | HP: 1/21 [leopard gecko (1)]
   532 | D:1      | Slain by a leopard gecko

Vault maps used:
D:1:      kennysheep_arrival_seaside

Skill      XL: |  1  2 |
---------------+-------+-----
Bows           | 2 |  2.0
Fighting       | |  1.2
Armour         | |  0.4
Dodging        | |  1.5
Spellcasting   | |  1.8
Hexes          | |  2.8

Action                   || total
-------------------------++-------
Melee: Dagger            ||    72
 Fire: Shortbow          ||    23
  Use: Scroll            ||     1
Armor: Leather armour    ||    32
       Robe              ||     1
Dodge: Dodged            ||    59

Table legend:
 A = Spawn XP
 B = Non-spawn XP
 C = Spawn XP percentage of total XP
 D = Spawn monster count
 E = Non-spawn monster count
 F = Spawn count percentage of total count
 G = Total turns spent on level
                    A         B        C        D         E        F      G
               +---------+---------+-------+---------+---------+-------+---------
         Total |       0 |      27 |   0.0 |       0 |      16 |   0.0 |   532
               +---------+---------+-------+---------+---------+-------+---------
           D:1 |       0 |      27 |   0.0 |       0 |      16 |   0.0 |   532
               +---------+---------+-------+---------+---------+-------+---------
